Map: 乌雷纳

Players

shengy - Winner!

  • Race: Terran Terran
  • League: Platinum

irving

  • Race: Terran Terran
  • League: Bronze

VOD

Have the link to the VOD?

Description

Time

  • Played on: Dec. 24, 2015, 3:19 p.m.
  • Length: 10:07
Show
View Real Time Build Order
Export as new Build Order

shengy Terran - Winner!

Build Orders: MMM Bio 

Get SALT Encoding   

  12  0:01  SCV  
  13  0:13  SCV  
  14  0:25  SCV  
  14  0:27  Supply Depot  
  15  0:38  Refinery  
  15  0:49  SCV  
  16  0:50  Barracks  
  16  1:01  SCV  
  17  1:13  SCV  
  18  1:25  SCV  
  19  1:37  Supply Depot  
  19  1:39  Orbital Command  
  19  1:44  Barracks  
  19  1:46  Barracks Reactor  
  19  2:09  Command Center  
  19  2:10  SCV  
  20  2:22  SCV  
  21  2:24  Reaper x2  
  23  2:31  Barracks Tech Lab  
  23  2:34  SCV  
  24  2:40  Bunker  
  24  2:46  SCV  
  25  2:51  Stimpack  
  25  2:55  Marauder  
  25  2:56  Marine x2  
  29  2:59  Refinery  
  29  3:07  SCV  
  31  3:20  SCV  
  31  3:25  Barracks  
  31  3:26  Barracks  
  31  3:33  Orbital Command  
  31  3:39  Supply Depot  
  31  3:41  SCV  
  32  3:53  SCV  
  33  4:02  Marine x2  
  35  4:05  Marauder  
  35  4:09  SCV  
  38  4:10  SCV  
  38  4:15  Barracks Reactor, Barracks Tech Lab  
  38  4:18  Factory  
  38  4:19  Marine  
  38  4:22  SCV  
  38  4:23  SCV  
  41  4:26  Marauder  
  43  4:32  Marine  
  43  4:34  SCV  
  43  4:36  Marauder  
  43  4:37  Marine  
  48  4:42  Refinery  
  48  4:43  Supply Depot  
  48  4:47  Marauder  
  50  4:56  Combat Shields  
  50  4:57  Marauder  
  50  4:58  Concussive Shells  
  52  5:00  Marine x2  
  52  5:04  Marine x2  
  52  5:06  Supply Depot  
  56  5:17  Supply Depot  
  56  5:18  Marine x2  
  56  5:19  Marauder  
  60  5:22  Marine x2  
  60  5:27  Factory Tech Lab  
  62  5:30  Factory Reactor  
  62  5:32  Starport  
  62  5:34  SCV  
  63  5:37  SCV  
  63  5:39  Marine x2  
  63  5:40  Marine x2  
  68  5:45  Marauder  
  68  5:46  SCV  
  68  5:48  Marauder  
  68  5:49  SCV  
  74  5:57  Supply Depot, Marine x2  
  74  6:01  SCV  
  77  6:05  Engineering Bay  
  77  6:07  Engineering Bay  
  77  6:10  Supply Depot  
  77  6:13  SCV  
  78  6:18  Medivac x2  
  82  6:26  Supply Depot  
  82  6:40  Marine x4  
  82  6:41  Marauder  
  82  6:42  Marauder  
  90  6:48  Medivac x2  
  90  6:52  Missile Turret  
  93  6:54  Missile Turret  
  93  6:57  Missile Turret  
  93  6:58  Marine x3  
  96  7:03  Terran Infantry Weapons Level 1  
  96  7:05  Terran Infantry Armor Level 1  
  96  7:06  Marine  
  97  7:16  SCV  
  98  7:28  Supply Depot x2, SCV  
  99  7:39  SCV  
  100  7:44  Marine x2, Command Center  
  100  7:49  Marine x2  
  100  7:50  Marauder x2  
  100  7:51  SCV  
  109  8:02  Marine x2  
  109  8:04  Supply Depot  
  111  8:06  Supply Depot  
  111  8:11  Marauder  
  111  8:12  Marauder, Marine  
  116  8:13  Marine  
  117  8:20  Marine  
  117  8:25  Marine  
  119  8:28  SCV  
  119  8:30  Marine  
  119  8:31  Marine  
  119  8:33  Marauder x2  
  119  8:34  Supply Depot  
  126  8:35  Liberator  
  126  8:36  Supply Depot  
  126  8:37  Marine  
  126  8:40  SCV  
  128  8:43  Marine  
  128  8:48  Marine  
  130  8:49  Marine  
  138  8:55  Marine  
  138  8:56  Marauder x2  
  138  8:57  Orbital Command  
  138  9:01  SCV, Marine  
  141  9:05  Refinery, Marine  
  142  9:20  Armory  
Show
View Real Time Build Order
Export as new Build Order

irving Terran 

Build Orders:  

Get SALT Encoding   

  12  0:02  SCV  
  13  0:14  SCV  
  14  0:25  Supply Depot  
  14  0:27  SCV  
  15  0:38  Refinery  
  15  0:49  Barracks  
  15  0:51  SCV  
  16  1:02  Supply Depot  
  16  1:03  SCV  
  17  1:15  SCV  
  18  1:30  SCV  
  19  1:37  Marine  
  20  1:46  Factory, SCV  
  21  1:56  Marine  
  21  1:59  SCV  
  23  2:11  SCV  
  24  2:19  Command Center  
  24  2:26  Marine  
  25  2:34  Starport  
  25  2:35  Factory Tech Lab  
  25  2:38  SCV  
  25  2:43  Marine  
  27  2:53  Engineering Bay  
  27  2:55  SCV  
  28  3:04  Refinery  
  28  3:05  Marine  
  29  3:19  Supply Depot  
  29  3:23  Supply Depot  
  29  3:29  Marine  
  29  3:30  SCV  
  29  3:31  Siege Tank  
  34  3:37  Starport Reactor  
  34  4:02  Barracks, Marine  
  34  4:04  SCV  
  34  4:05  SCV  
  37  4:13  Siege Tank  
  37  4:16  SCV  
  37  4:17  SCV  
  42  4:18  Terran Infantry Weapons Level 1  
  42  4:25  Missile Turret  
  42  4:29  SCV  
  44  4:32  Orbital Command  
  44  4:37  Medivac  
  45  4:42  SCV  
  46  4:54  Barracks Tech Lab  
  46  4:56  Marine  
  47  5:09  SCV  
  47  5:10  SCV  
  49  5:14  Missile Turret  
  49  5:18  Stimpack  
  49  5:19  Marauder  
  51  5:22  Medivac  
  53  5:35  Barracks  
  53  5:36  SCV, Barracks Reactor  
  53  5:37  SCV, Missile Turret  
  55  5:51  Marauder  
  57  6:02  Engineering Bay  
  57  6:10  Siege Tank  
  57  6:11  Missile Turret  
  60  6:12  Marine  
  60  6:15  Marine  
  62  6:21  SCV x2, Marine  
  62  6:25  Supply Depot  
  65  6:26  Supply Depot  
  65  6:29  Terran Infantry Armor Level 1  
  65  6:30  Marine  
  65  6:31  Missile Turret  
  66  6:35  Armory  
  66  6:40  Barracks Tech Lab  
  66  6:48  Supply Depot  
  66  6:49  Supply Depot  
  66  6:51  Refinery  
  66  6:53  SCV x2  
  66  6:54  Refinery  
  68  6:55  Missile Turret  
  68  7:03  Siege Tank  
  68  7:05  SCV  
  72  7:15  Marine x2  
  72  7:16  Marauder, Marine  
  72  7:19  Concussive Shells  
  77  7:33  Marine x3  
  77  7:36  Terran Vehicle Weapons Level 1  
  80  7:41  Command Center  
  80  7:51  Refinery  
  80  7:58  Barracks, Medivac  
  82  7:59  Starport  
  82  8:00  SCV x2  
  84  8:12  SCV x2  
  86  8:19  Marine  
  86  8:20  Marine x2  
  86  8:21  Marauder  
  86  8:24  SCV  
  92  8:36  SCV  
  92  8:39  SCV  
  94  8:48  SCV  
  94  8:49  Starport Tech Lab  
  94  8:52  Factory  
  95  9:04  Siege Tank, Barracks Reactor  
  95  9:06  Viking x2  
  95  9:08  SCV x2  
  105  9:11  Orbital Command  
  104  9:17  Marauder  
  104  9:18  Marauder  
  104  9:19  Marine x2  
  104  9:21  SCV  
  79  9:36  Marine  
  79  9:37  Marine  
  70  9:38  Marine  
  70  9:39  Marine  
Tags
 
Composition
MMM Bio
Matchup
TvT
Race
Terran
Add a new tag
Caveats
  • Supply blocks, unpowered buildings, or Contaminate may cause inaccurate times.
  • Supply counts are checked every 10 seconds.